TOP OF THE 1ST |
Wichita State University Shockers batting - Pitching for Oklahoma State University Cowboys : LHP Zach Richards
|
Pitching: LHP Zach Richards
|
|
Batting: RHB Kyle Gill
|
0-0: Ball 1-0: Foul Ball, location: 2F 1-1: Foul Ball, location: 2F 1-2: Ball 2-2: Foul Ball, location: 2F 2-2: Foul Ball, location: 2F 2-2: Foul Ball, location: 2F 2-2: Ball 3-2: Ground out U3 (Groundball, 34, EV 100.0 MPH)
|
Batting: RHB Byron Whitehead
|
0-0: Called Strike 0-1: Ball 1-1: Ball 2-1: Ball 3-1: Called Strike 3-2: Fly out, F9 (Flyball, 9, EV 79.4 MPH)
|
Pitching: RHP Rien Klinkenberg
|
|
Batting: LHB Carlos Flores
|
0-0: Ball 1-0: Ball 2-0: Called Strike 2-1: Fly out, F8 (Flyball, 8RM, EV 83.1 MPH)
|
Top of the 1st over - 0 runs, 0 hits, 0 errors, 0 left on base; Wichita State University 0 - Oklahoma State University 0 |
BOTTOM OF THE 1ST |
Oklahoma State University Cowboys batting - Pitching for Wichita State University Shockers : LHP Joe Seaborn
|
Pitching: LHP Joe Seaborn
|
|
Batting: RHB Jon Guzman
|
0-0: Hit by Pitch
|
Batting: RHB Simon Gravitt
|
0-0: Called Strike 0-1: Ball 1-1: SINGLE (Line Drive, 56D, EV 98.1 MPH) Jon Guzman to second
|
Batting: LHB Kyle David
|
0-0: Ball 1-0: Ball 2-0: Called Strike 2-1: Foul Ball, location: 2F 2-2: Ball 3-2: Strikes out swinging
|
Batting: LHB Jeff Williams
|
0-0: Ball 1-0: Called Strike 1-1: Swinging Strike 1-2: Fly out, F8 (Flyball, 8LM, EV 75.0 MPH)
|
Batting: RHB Magnus Laursen
|
0-0: Called Strike 0-1: Swinging Strike 0-2: Foul Ball, location: 2F 0-2: Foul Ball, location: 2F 0-2: Ball 1-2: Strikes out swinging
|
Bottom of the 1st over - 0 runs, 1 hit, 0 errors, 2 left on base; Wichita State University 0 - Oklahoma State University 0 |
TOP OF THE 2ND |
Wichita State University Shockers batting - Pitching for Oklahoma State University Cowboys : RHP Rien Klinkenberg
|
Batting: RHB Jason Adelstein
|
0-0: Foul Ball, location: 2F 0-1: Swinging Strike 0-2: Hit by Pitch
|
Batting: RHB Marvin Coffey
|
0-0: DOUBLE (Flyball, 78D, EV 108.8 MPH) Jason Adelstein to third
|
Batting: RHB Lucio Baratta
|
0-0: Ball 1-0: Swinging Strike 1-1: Ball 2-1: Foul Ball, location: 2F 2-2: Foul Ball, location: 2F 2-2: Ball 3-2: Ground out 6-3 (Groundball, 6, EV 84.4 MPH) Jason Adelstein scores
|
Batting: RHB Alex Zeledon
|
0-0: Called Strike 0-1: Ball 1-1: Ball 2-1: Ball 3-1: Ground out 1-4-3 (Groundball, 15S, EV 98.1 MPH) Marvin Coffey to third
|
Batting: SHB Peter Faggard
|
0-0: Ball 1-0: Called Strike 1-1: Ground out 4-3 (Groundball, 4, EV 103.8 MPH)
|
Top of the 2nd over - 1 run, 1 hit, 0 errors, 1 left on base; Wichita State University 1 - Oklahoma State University 0 |
BOTTOM OF THE 2ND |
Oklahoma State University Cowboys batting - Pitching for Wichita State University Shockers : LHP Joe Seaborn
|
Batting: RHB Jose Lopez
|
0-0: Fly out, F3 (Popup, 23F, EV 86.9 MPH)
|
Batting: RHB Rory Cardosi
|
0-0: Called Strike 0-1: Foul Ball, location: 2F 0-2: SINGLE (Flyball, 4MD, EV 99.4 MPH)
|
Batting: LHB Steve Kimbler
|
0-0: Ball 1-0: Ball 2-0: Ball 3-0: Called Strike 3-1: Foul Ball, location: 2F 3-2: Grounds into double play, 5-4-3 (Groundball, 56, EV 98.8 MPH)
|
Bottom of the 2nd over - 0 runs, 1 hit, 0 errors, 0 left on base; Wichita State University 1 - Oklahoma State University 0 |
TOP OF THE 3RD |
Wichita State University Shockers batting - Pitching for Oklahoma State University Cowboys : RHP Rien Klinkenberg
|
Batting: LHB Kyle Lee
|
0-0: Ball 1-0: Ball 2-0: Swinging Strike 2-1: Bunt for hit to 2L - play at first, batter OUT! 2-3
|
Batting: RHB Kyle Gill
|
0-0: Ball 1-0: Ball 2-0: Called Strike 2-1: Foul Ball, location: 2F 2-2: Foul Ball, location: 2F 2-2: Ball 3-2: Foul Ball, location: 2F 3-2: Fly out, F4 (Popup, 34, EV 61.9 MPH)
|
Pitching: RHP Santiago Lopez
|
|
Batting: RHB Byron Whitehead
|
0-0: Ball 1-0: Ball 2-0: Swinging Strike 2-1: Swinging Strike 2-2: Ball 3-2: Base on Balls
|
Batting: LHB Carlos Flores
|
0-0: Called Strike 0-1: Ball Byron Whitehead steals 2nd base 1-1: Foul Ball, location: 2F 1-2: Fly out, F4 (Line Drive, 4, EV 68.1 MPH)
|
Top of the 3rd over - 0 runs, 0 hits, 0 errors, 1 left on base; Wichita State University 1 - Oklahoma State University 0 |
BOTTOM OF THE 3RD |
Oklahoma State University Cowboys batting - Pitching for Wichita State University Shockers : LHP Joe Seaborn
|
Batting: RHB Bill Tremblett
|
0-0: Swinging Strike 0-1: Ball 1-1: Ground out 4-3 (Groundball, 34, EV 80.6 MPH)
|
Batting: RHB Jon Guzman
|
0-0: Ball 1-0: Ball 2-0: Fly out, F8 (Flyball, 8RD, EV 86.9 MPH)
|
Batting: RHB Simon Gravitt
|
0-0: Fly out, F4 (Popup, 34, EV 80.0 MPH)
|
Bottom of the 3rd over - 0 runs, 0 hits, 0 errors, 0 left on base; Wichita State University 1 - Oklahoma State University 0 |
TOP OF THE 4TH |
Wichita State University Shockers batting - Pitching for Oklahoma State University Cowboys : RHP Santiago Lopez
|
Batting: RHB Jason Adelstein
|
0-0: Fly out, F8 (Flyball, 8RXD, EV 85.0 MPH)
|
Batting: RHB Marvin Coffey
|
0-0: Swinging Strike 0-1: DOUBLE (Line Drive, 78D, EV 112.5 MPH)
|
Batting: RHB Lucio Baratta
|
0-0: Ball 1-0: Foul Ball, location: 2F 1-1: Ball 2-1: Ball 3-1: Called Strike 3-2: Fly out, F9 (Flyball, 9D, EV 99.4 MPH)
|
Batting: RHB Alex Zeledon
|
0-0: Fly out, F9 (Line Drive, 9D, EV 88.1 MPH)
|
Top of the 4th over - 0 runs, 1 hit, 0 errors, 1 left on base; Wichita State University 1 - Oklahoma State University 0 |
BOTTOM OF THE 4TH |
Oklahoma State University Cowboys batting - Pitching for Wichita State University Shockers : LHP Joe Seaborn
|
Batting: LHB Kyle David
|
0-0: Ball 1-0: Ball 2-0: Ball 3-0: Base on Balls
|
Batting: LHB Jeff Williams
|
0-0: Ball 1-0: Foul Ball, location: 2F 1-1: Foul Ball, location: 2F 1-2: Foul Ball, location: 2F 1-2: Ball 2-2: Strikes out swinging
|
Batting: RHB Magnus Laursen
|
0-0: Ball 1-0: Ball 2-0: Ball 3-0: Base on Balls Kyle David to second
|
Batting: RHB Jose Lopez
|
0-0: Called Strike 0-1: Foul Ball, location: 2F 0-2: Ball 1-2: Ball 2-2: Ball 3-2: Fly out, F6 (Popup, 4MD, EV 44.4 MPH)
|
Batting: RHB Rory Cardosi
|
0-0: Fielders Choice at 2nd, 6-4 (Groundball, 6, EV 85.0 MPH)
|
Bottom of the 4th over - 0 runs, 0 hits, 0 errors, 2 left on base; Wichita State University 1 - Oklahoma State University 0 |
TOP OF THE 5TH |
Wichita State University Shockers batting - Pitching for Oklahoma State University Cowboys : RHP Santiago Lopez
|
Batting: SHB Peter Faggard
|
0-0: Fly out, F7 (Flyball, 7D, EV 85.0 MPH)
|
Batting: LHB Kyle Lee
|
0-0: Called Strike 0-1: Called Strike 0-2: Ball 1-2: Foul Ball, location: 2F 1-2: Ball 2-2: Ground out 4-3 (Groundball, 4, EV 83.1 MPH)
|
Batting: RHB Kyle Gill
|
0-0: Foul Ball, location: 2F 0-1: Ball 1-1: Called Strike 1-2: Fly out, F8 (Flyball, 8RXD, EV 108.8 MPH)
|
Top of the 5th over - 0 runs, 0 hits, 0 errors, 0 left on base; Wichita State University 1 - Oklahoma State University 0 |
BOTTOM OF THE 5TH |
Oklahoma State University Cowboys batting - Pitching for Wichita State University Shockers : LHP Joe Seaborn
|
Batting: LHB Steve Kimbler
|
0-0: Ball 1-0: SINGLE (Groundball, 4MD, EV 103.8 MPH)
|
Batting: RHB Bill Tremblett
|
0-0: Ball 1-0: Ball 2-0: Foul Ball, location: 2F 2-1: Fielders Choice at 2nd, 6-4 (Groundball, 6M, EV 86.2 MPH)
|
Batting: RHB Jon Guzman
|
0-0: Ball 1-0: Ball 2-0: Ball 3-0: Base on Balls Bill Tremblett to second
|
Batting: RHB Simon Gravitt
|
0-0: Called Strike 0-1: Ball 1-1: Ball 2-1: Foul Ball, location: 2F 2-2: Strikes out swinging
|
Batting: LHB Kyle David
|
0-0: Ball 1-0: Called Strike 1-1: Ball 2-1: Ball 3-1: Foul Ball, location: 2F 3-2: Base on Balls Bill Tremblett to third Jon Guzman to second
|
Batting: LHB Jeff Williams
|
0-0: Foul Ball, location: 2F 0-1: Ball 1-1: Called Strike 1-2: Ball 2-2: Strikes out swinging
|
Bottom of the 5th over - 0 runs, 1 hit, 0 errors, 3 left on base; Wichita State University 1 - Oklahoma State University 0 |
TOP OF THE 6TH |
Wichita State University Shockers batting - Pitching for Oklahoma State University Cowboys : RHP Santiago Lopez
|
Pitching: RHP Mick Conner
|
|
Batting: RHB Byron Whitehead
|
0-0: Ball 1-0: Foul Ball, location: 2F 1-1: Foul Ball, location: 2F 1-2: Foul Ball, location: 2F 1-2: Strikes out swinging
|
Batting: LHB Carlos Flores
|
0-0: Called Strike 0-1: Ball 1-1: Swinging Strike 1-2: Ball 2-2: Ball 3-2: Foul Ball, location: 2F 3-2: Base on Balls
|
Batting: RHB Jason Adelstein
|
0-0: Ball 1-0: Swinging Strike 1-1: Called Strike 1-2: Strikes out swinging
|
Batting: RHB Marvin Coffey
|
0-0: Ball 1-0: Foul Ball, location: 2F 1-1: Ball 2-1: Ball 3-1: Base on Balls Carlos Flores to second
|
Batting: RHB Lucio Baratta
|
0-0: Ball 1-0: Foul Ball, location: 2F 1-1: Called Strike 1-2: Foul Ball, location: 2F 1-2: Ball 2-2: 3-RUN HOME RUN (Flyball, 7D, EV 98.1 MPH), Distance : 392 ft
|
Pitching: RHP Dallas White
|
|
Batting: RHB Alex Zeledon
|
0-0: Ball 1-0: Ball 2-0: Ball 3-0: Called Strike 3-1: Base on Balls
|
Batting: SHB Peter Faggard
|
0-0: Called Strike 0-1: Ball 1-1: Ball 2-1: Ball 3-1: Called Strike 3-2: Base on Balls Alex Zeledon to second
|
Batting: LHB Kyle Lee
|
0-0: Ball 1-0: Foul Ball, location: 2F 1-1: Foul Ball, location: 2F 1-2: SINGLE (Line Drive, 3D, EV 99.4 MPH) Alex Zeledon to third Peter Faggard to second Runner from 3rd tries for Home, SAFE, throw by RF to home
|
Batting: RHB Kyle Gill
|
0-0: SINGLE (Flyball, 89S, EV 84.4 MPH) Peter Faggard to third Kyle Lee to second Runner from 3rd tries for Home, SAFE, throw by RF to home
|
Batting: RHB Byron Whitehead
|
0-0: Fly out, F9 (Flyball, 89D, EV 95.6 MPH)
|
Top of the 6th over - 5 runs, 3 hits, 0 errors, 2 left on base; Wichita State University 6 - Oklahoma State University 0 |
BOTTOM OF THE 6TH |
Oklahoma State University Cowboys batting - Pitching for Wichita State University Shockers : LHP Joe Seaborn
|
Batting: RHB Magnus Laursen
|
0-0: Ball 1-0: Ball 2-0: Called Strike 2-1: Fly out, F9 (Line Drive, 89M, EV 93.1 MPH)
|
Pitching: LHP Jacob Seymour
|
|
Batting: RHB Jose Lopez
|
0-0: Ball 1-0: Called Strike 1-1: Ball 2-1: Swinging Strike 2-2: Ball 3-2: Foul Ball, location: 2F 3-2: Strikes out swinging, 2-3 out at first.
|
Batting: RHB Rory Cardosi
|
0-0: Fly out, F8 (Line Drive, 89M, EV 91.9 MPH)
|
Bottom of the 6th over - 0 runs, 0 hits, 0 errors, 0 left on base; Wichita State University 6 - Oklahoma State University 0 |
TOP OF THE 7TH |
Wichita State University Shockers batting - Pitching for Oklahoma State University Cowboys : RHP Dallas White
|
Batting: LHB Carlos Flores
|
0-0: Ball 1-0: Called Strike 1-1: Foul Ball, location: 2F 1-2: Ball 2-2: Ground out U3 (Groundball, 3, EV 101.9 MPH)
|
Batting: RHB Jason Adelstein
|
0-0: Ground out 6-3 (Groundball, 6, EV 84.4 MPH)
|
Batting: RHB Marvin Coffey
|
0-0: Swinging Strike 0-1: SINGLE (Groundball, 56S, EV 68.8 MPH) (infield hit)
|
Batting: RHB Lucio Baratta
|
0-0: Ball 1-0: SINGLE (Line Drive, 9LS, EV 102.5 MPH) Marvin Coffey to second
|
Batting: RHB Alex Zeledon
|
0-0: Ball 1-0: Ball 2-0: Ball 3-0: Called Strike 3-1: Fielders Choice at 2nd, 5-4 (Groundball, 56, EV 85.0 MPH)
|
Top of the 7th over - 0 runs, 2 hits, 0 errors, 2 left on base; Wichita State University 6 - Oklahoma State University 0 |
BOTTOM OF THE 7TH |
Oklahoma State University Cowboys batting - Pitching for Wichita State University Shockers : LHP Jacob Seymour
|
Batting: LHB Steve Kimbler
|
0-0: Called Strike 0-1: Reached on error, E6 (Groundball, 6, EV 90.0 MPH)
|
Batting: RHB Bill Tremblett
|
0-0: Ball 1-0: Ball 2-0: Ball 3-0: Base on Balls Steve Kimbler to second
|
Batting: RHB Jon Guzman
|
0-0: Ball 1-0: Ball 2-0: Fly out, F7 (Flyball, 7LM, EV 90.0 MPH)
|
Batting: RHB Simon Gravitt
|
0-0: Fielders Choice at 2nd, 6-4 (Groundball, 6M, EV 84.4 MPH) Steve Kimbler to third
|
Batting: LHB Kyle David
|
0-0: Ground out 4-3 (Groundball, 34, EV 86.9 MPH)
|
Bottom of the 7th over - 0 runs, 0 hits, 1 error, 2 left on base; Wichita State University 6 - Oklahoma State University 0 |
TOP OF THE 8TH |
Wichita State University Shockers batting - Pitching for Oklahoma State University Cowboys : RHP Dallas White
|
Pitching: LHP Tony Bustillos
|
|
Batting: SHB Peter Faggard
|
0-0: Ball 1-0: Ball 2-0: Called Strike 2-1: Called Strike 2-2: Foul Ball, location: 2F 2-2: Strikes out swinging
|
Batting: LHB Kyle Lee
|
0-0: Called Strike 0-1: Swinging Strike 0-2: Ball 1-2: Ball 2-2: Strikes out swinging
|
Batting: RHB Kyle Gill
|
0-0: Ball 1-0: Ground out 1-3 (Groundball, 13, EV 72.5 MPH)
|
Top of the 8th over - 0 runs, 0 hits, 0 errors, 0 left on base; Wichita State University 6 - Oklahoma State University 0 |
BOTTOM OF THE 8TH |
Oklahoma State University Cowboys batting - Pitching for Wichita State University Shockers : LHP Jacob Seymour
|
Batting: LHB Jeff Williams
|
0-0: Ball 1-0: Called Strike 1-1: Called Strike 1-2: Foul Ball, location: 2F 1-2: Strikes out swinging
|
Batting: RHB Magnus Laursen
|
0-0: Ball 1-0: Called Strike 1-1: Ball 2-1: Swinging Strike 2-2: Strikes out swinging
|
Batting: RHB Jose Lopez
|
0-0: Ground out 6-3 (Groundball, 6, EV 103.8 MPH)
|
Bottom of the 8th over - 0 runs, 0 hits, 0 errors, 0 left on base; Wichita State University 6 - Oklahoma State University 0 |
TOP OF THE 9TH |
Wichita State University Shockers batting - Pitching for Oklahoma State University Cowboys : LHP Tony Bustillos
|
Pitching: LHP Julian Judge
|
|
Batting: RHB Byron Whitehead
|
0-0: Ball 1-0: Ball 2-0: Fly out, F9 (Flyball, 9S, EV 91.2 MPH)
|
Batting: LHB Carlos Flores
|
0-0: Ball 1-0: Called Strike 1-1: Swinging Strike 1-2: Fly out, F5 (Popup, 5SF, EV 80.6 MPH)
|
Batting: RHB Jason Adelstein
|
0-0: Ball 1-0: Ball 2-0: Ball 3-0: Called Strike 3-1: Foul Ball, location: 2F 3-2: DOUBLE (Line Drive, 89D, EV 106.9 MPH)
|
Batting: RHB Marvin Coffey
|
0-0: Ball 1-0: Foul Ball, location: 2F 1-1: Foul Ball, location: 2F 1-2: Strikes out swinging
|
Top of the 9th over - 0 runs, 1 hit, 0 errors, 1 left on base; Wichita State University 6 - Oklahoma State University 0 |
BOTTOM OF THE 9TH |
Oklahoma State University Cowboys batting - Pitching for Wichita State University Shockers : LHP Jacob Seymour
|
Pitching: LHP Blake Gans
|
|
Batting: RHB Rory Cardosi
|
0-0: Ball 1-0: Ball 2-0: Ball 3-0: Base on Balls
|
Batting: LHB Steve Kimbler
|
0-0: Called Strike 0-1: Ball 1-1: Swinging Strike 1-2: Ball 2-2: Foul Ball, location: 2F 2-2: Fly out, F8 (Flyball, 78M, EV 73.1 MPH)
|
Batting: RHB Bill Tremblett
|
0-0: Ball Wild Pitch! Rory Cardosi to second 1-0: Called Strike 1-1: Ball 2-1: Ball 3-1: Foul Ball, location: 2F 3-2: Base on Balls
|
Batting: RHB Jon Guzman
|
0-0: Foul Ball, location: 2F 0-1: Fly out, F7 (Line Drive, 7S, EV 98.8 MPH)
|
Batting: RHB Simon Gravitt
|
0-0: Ground out 5-3 (Groundball, 56, EV 102.5 MPH)
|
Bottom of the 9th over - 0 runs, 0 hits, 0 errors, 2 left on base; Wichita State University 6 - Oklahoma State University 0 |
|